 Dungeon Crawl Stone Soup version 0.27-a0-633-gc6addc0a40 (webtiles) character file.

Game seed: 7499849901585327098

9 shoop the Skirmisher (level 2, 32/32 HPs)
             Began as an Ogre Berserker on Mar 13, 2021.
             Was a Follower of Trog.
             Got out of the dungeon alive.
             The game lasted 00:01:04 (303 turns).

shoop the Skirmisher (Ogre Berserker)                Turns: 303, Time: 00:01:05

Health: 32/32      AC:  3    Str: 20    XL:     2   Next: 16%
Magic:  2/2        EV: 10    Int:  8    God:    Trog [*.....]
Gold:   18         SH:  0    Dex:  8    Spells: 1/1 levels left

rFire    . . .     SeeInvis .   a - +0 mace
rCold    . . .     Faith    .   (no shield)
rNeg     . . .     Spirit   .   b - +0 animal skin
rPois    .         Reflect  .   (helmet restricted)
rElec    .         Harm     .   (no cloak)
rCorr    .         Rampage  .   (gloves unavailable)
Will     .....                  (boots unavailable)
Stlth    +.........             (no amulet)
HPRegen  0.10/turn              (no ring)
MPRegen  0.08/turn              (no ring)

@: no status effects
A: large, unfitting armour, tough skin 1
a: Renounce Religion, Berserk


You escaped.
You worshipped Trog.
Trog was aware of your devotion.
You visited 1 branch of the dungeon, and saw 1 of its levels.

You collected 18 gold pieces.

Inventory:

Hand Weapons
 a - a +0 mace (weapon)
Armour
 b - a +0 animal skin (worn)
Scrolls
 d - a scroll of enchant weapon {unknown}
Potions
 c - a potion of flight {unknown}


   Skills:
 - Level 4.0 Fighting
 + Level 3.3 Maces & Flails
 - Level 2.6 Dodging


You had one spell level left.
You didn't know any spells.
Your spell library was empty.

Dungeon Overview and Level Annotations

Branches:
Dungeon (1/15)

Altars:


Innate Abilities, Weirdness & Mutations

You are too large for most types of armour.
You have tough skin. (AC +1)


Message History

Things that are here:
a +0 club; a +0 whip; 5 stones
Found a spear.
A jackal comes into view.
The jackal barks!
A jackal comes into view.
The jackal moves out of view.
Found a scroll labelled DODOIH LAIRANA.
Found a stone staircase leading down.
The jackal barks!
You barely miss the jackal. The jackal bites you.
You hit the jackal but do no damage.
The jackal bites you but does no damage.
You barely miss the jackal. The jackal bites you.
The jackal closely misses you.
You closely miss the jackal. The jackal closely misses you.
The jackal bites you.
You thump the jackal!
You kill the jackal!
Trog accepts your kill. The jackal bites you.
You hit the jackal.
The jackal is heavily wounded.
The jackal misses you.
You barely miss the jackal.
The jackal is heavily wounded.
The jackal bites you but does no damage.
The jackal barely misses you.
You sock the jackal!
You kill the jackal!
Trog accepts your kill.
No target in view!
Things that are here:
a jackal corpse; a jackal corpse
d - a scroll labelled DODOIH LAIRANA You see here a +0 dagger.
You see here a frilled lizard skeleton.
You see here 21 stones.
There is a staircase leading out of the dungeon here.
Are you sure you want to leave the Dungeon?
This will make you lose the game!
You have escaped!

#### #@.###
##...####
#.......######
#............#####
##.............##.
###....#.......(.
#####..........
####.#.....
#####...


There were no monsters in sight!

Vanquished Creatures
  A giant cockroach (D:1)
  A hobgoblin (D:1)
  2 jackals (D:1)
  2 kobolds (D:1)
  A bat (D:1)
  A frilled lizard (D:1)
  A rat (D:1)
9 creatures vanquished.

Notes
Turn   | Place    | Note
-------+----------+-------------------------------------------
     0 | D:1      | shoop the Ogre Berserker began the quest for the Orb.
     0 | D:1      | Reached XP level 1. HP: 24/24 MP: 1/1
   142 | D:1      | Reached XP level 2. HP: 30/32 MP: 2/2
   303 | D:$      | Got out of the dungeon alive.

Illustrated notes

Levels and vault maps discovered:
D:1:      eino_arrival_cavern_e, layout_rooms

Skill      XL: |  1 |
---------------+----+-----
Maces & Flails | 3 |  3.3
Fighting       | |  4.0
Dodging        | |  2.6

Action                   || total
-------------------------++-------
Melee: Mace              ||    25
Armor: Animal skin       ||    11
Dodge: Dodged            ||     9

Table legend: (Time is in decaauts)
 A = Elapsed time spent in this place.
 B = Non-inter-level travel time spent in this place.
 C = Inter-level travel time spent in this place.
 D = Time resting spent in this place.
 E = Time spent auto-exploring this place.
 F = Levels seen in this place.
 G = Mean time per level.
                   A        B        C        D        E       F      G
               +--------+--------+--------+--------+--------+-----+--------+
         Total |    309 |    259 |     50 |      0 |    204 |   1 |  309.0 |
       Dungeon |    309 |    259 |     50 |      0 |    204 |   1 |  309.0 |
               +--------+--------+--------+--------+--------+-----+--------+

Top non-repeatable levels by time:
     D:1: 309 daAuts
